 Dungeon Crawl Stone Soup version 0.31.0-32-g396128a36d (webtiles) character file.

Game seed: 8415348871951514792

1362 Killerpretzel the Changeling (level 8, -6/81 HPs)
             Began as an Octopode Shapeshifter on Mar 8, 2024.
             Was a Believer of Vehumet.
             Mangled by a boulder beetle (11 damage)
             ... on level 6 of the Dungeon.
             The game lasted 00:10:41 (5251 turns).

Killerpretzel the Changeling (OpSh)                 Turns: 5251, Time: 00:10:42

Health: -6/81      AC: 24    Str: 13    XL:     8   Next: 64%
Magic:  8/8        EV:  2    Int: 13    God:    Vehumet [**....]
Gold:   320        SH:  0    Dex: 13    Spells: 7/7 levels left

rFire   . .          .
                       - Unarmed
rCold   + . .        (no shield)
rNeg    + . .        (helmet currently unavailable)
rPois   +            m - amulet of faith
rElec   .            h - ring of protection from cold
rCorr   .            q - ring of positive energy
SInv    .            (no ring)
Will    .....        (no ring)
Stlth   +            (no ring)
HPRegen 0.33/turn    (no ring)
MPRegen 0.11/turn    (no ring)
                     (no ring)

%: faith
@: mighty, tree-form
A: stationary, stasis, torment immunity, boosted hp, almost no armour,
(amphibious), 8 rings, (camouflage 1), (gelatinous body 1), (nimble swimmer 1),
(tentacles)
a: Renounce Religion


You were on level 6 of the Dungeon.
You worshipped Vehumet.
Vehumet was pleased with you.
You were a tree.
You visited 2 branches of the dungeon, and saw 7 of its levels.

You collected 320 gold pieces.

Inventory:

Jewellery
 h - a ring of protection from cold (left branch)
 m - an amulet of faith (around neck)
 q - a ring of positive energy (right branch)
Talismans
 b - a beast talisman
 c - a flux talisman
Scrolls
 e - a scroll of enchant armour
 j - a scroll of enchant weapon
 l - a scroll of fear
 o - 3 scrolls of teleportation
Potions
 a - 2 potions of lignification
 d - a potion of attraction {unknown}
 f - 2 potions of might
 g - a potion of magic {unknown}
 i - a potion of enlightenment {unknown}
 k - 2 potions of curing
 p - a potion of heal wounds {unknown}


   Skills:
 + Level 4.6 Fighting
 + Level 4.9 Dodging
 + Level 5.4 Unarmed Combat
 * Level 6.6 Shapeshifting


You had 7 spell levels left.
You didn't know any spells.
Your spell library contained the following spells:

 Spells                   Type           Power      Damage    Failure   Level
 Kiss of Death            Conj/Necr      0%         2d5       30%         1
 Freeze                   Ice            0%         1d3       30%         1
 Frozen Ramparts          Ice            0%         1d1       67%         3
 Hailstorm                Conj/Ice       0%         3d5       67%         3
 Volatile Blastmotes      Fire/Tloc      0%         2d10      67%         3
 Fulminant Prism          Conj/Alch      0%         3d5       97%         4
 Iskenderun's Mystic Bla  Conj/Tloc      0%         2d3       97%         4


Dungeon Overview and Level Annotations

Branches:
Dungeon (6/15)             Temple (1/1) D:4

Altars:
Ashenzari
Cheibriados
Dithmenos
Elyvilon
Fedhas
Gozag
Hepliaklqana
Kikubaaqudgha
Makhleb
Nemelex Xobeh
Okawaru
Qazlal
Ru
Sif Muna
Trog
Uskayaw
Vehumet
Xom
Yredelemnul
Zin

Shops:
D:1 *   D:5 ?[*[

Annotations:
Temple 2 transporters


Innate Abilities, Weirdness & Mutations

You are a tree.
Your roots penetrate the ground, keeping you stationary.
You cannot be teleported.
You are immune to unholy pain and torment.
Your maximum health is greatly increased.
You cannot wear most types of armour.
((You are amphibious.))
You can wear up to eight rings at the same time.
((Your skin changes colour to match your surroundings (Stealth+).))
((Your rubbery body absorbs attacks. (AC +1, EV +1)))
((You are camouflaged when in or above water. (Stealth+)))
((You have tentacles for arms and can constrict up to eight enemies at once.))


Message History

The ice beast hits you. The ice beast freezes you. You resist.
The boulder beetle stops rolling and uncurls.
You closely miss the ice beast. Your squeeze misses the ice beast.
The ice beast is almost dead.
The ice beast hits you. The ice beast freezes you! You resist.
You tentacle-slap the ice beast.
You kill the ice beast!
Vehumet accepts your kill.
The boulder beetle curls into a ball and begins rolling!
Your transformation has ended.
You turn into a tree.
Your roots penetrate the ground.
You hit the boulder beetle.
The boulder beetle is lightly wounded.
The boulder beetle completely misses you.
The boulder beetle stops rolling and uncurls.
You hit the boulder beetle.
The boulder beetle is lightly wounded.
The boulder beetle bites you but does no damage.
You completely miss the boulder beetle.
The boulder beetle is lightly wounded.
The boulder beetle bites you!
You smack the boulder beetle!
The boulder beetle is lightly wounded.
The boulder beetle completely misses you.
You hit the boulder beetle but do no damage.
The boulder beetle is lightly wounded.
The boulder beetle bites you!
* * * LOW HITPOINT WARNING * * *
You barely miss the boulder beetle.
The boulder beetle is lightly wounded.
You smack the boulder beetle!
The boulder beetle is moderately wounded.
The boulder beetle bites you but does no damage.
You hit the boulder beetle but do no damage.
The boulder beetle is moderately wounded.
The boulder beetle bites you!
* * * LOW HITPOINT WARNING * * *
You feel very mighty all of a sudden. The boulder beetle bites you!
You die...

#.. ..# #.+# '..#
...### #..# #....
#...# #... #....##..
#..<..#B# #.. ###..♣#
##..##+#
#....#..........+
#....#..........#
####.###.####...######
#.###+####...#.....
#............#.....
#............'.....
#..####+##.###.....
##..####.##.#.......


You could see a boulder beetle.

Vanquished Creatures
  Sigmund (D:4)
  An ice beast (D:6)
  A black bear (D:6)
  A phantom (D:4)
  A kobold brigand (D:5)
  A scorpion (D:5)
  A howler monkey (D:5)
  3 bombardier beetles (D:4)
  2 hounds (D:5)
  Jessica (D:3)
  Natasha (thrice) (D:3)
  An orc wizard (D:5)
  3 iguanas
  13 adders
  14 gnolls
  2 white imps
  An ufetubus (D:5)
  A dart slug (D:3)
  3 orcs (D:5)
  8 ball pythons
  5 bats
  11 endoplasms
  6 giant cockroaches
  8 goblins
  13 hobgoblins
  4 jackals (D:3)
  48 kobolds
  5 quokkas
  3 frilled lizards (D:1)
  11 rats
176 creatures vanquished.

Notes
Turn   | Place    | Note
-------+----------+-------------------------------------------
     0 | D:1      | Killerpretzel the Octopode Shapeshifter began the quest for
                  | the Orb.
     0 | D:1      | Reached XP level 1. HP: 13/13 MP: 1/1
    44 | D:1      | Found Nabbenk's Assorted Antiques.
    51 | D:1      | Reached XP level 2. HP: 15/18 MP: 2/2
   161 | D:1      | Reached XP level 3. HP: 22/23 MP: 3/3
   644 | D:2      | Reached XP level 4. HP: 24/29 MP: 4/4
  1338 | D:3      | Noticed Natasha
  1344 | D:3      | Killed Natasha
  1402 | D:3      | Reached skill level 4 in Shapeshifting
  1402 | D:3      | Reached XP level 5. HP: 27/34 MP: 5/5
  1644 | D:3      | Noticed Natasha
  1650 | D:3      | Killed Natasha
  1874 | D:3      | Noticed Jessica
  1878 | D:3      | Killed Jessica
  1902 | D:3      | Reached XP level 6. HP: 41/41 MP: 6/6
  2072 | D:3      | Noticed Natasha
  2080 | D:3      | Killed Natasha
  2638 | D:4      | Found a sparkling altar of Nemelex Xobeh.
  2696 | D:4      | Noticed Sigmund
  2703 | D:4      | Killed Sigmund
  2704 | D:4      | Reached skill level 5 in Shapeshifting
  2704 | D:4      | Reached XP level 7. HP: 31/46 MP: 7/7
  2923 | D:4      | Found a staircase to the Ecumenical Temple.
  2936 | Temple   | Found a transporter.
  2936 | Temple   | Found a transporter.
  2936 | Temple   | Found a transporter.
  2936 | Temple   | Found a transporter.
  2936 | Temple   | Entered the Ecumenical Temple
  3060 | D:4      | Found a burning altar of Makhleb.
  3384 | Temple   | Became a worshipper of Vehumet
  3425 | D:5      | Entered Level 5 of the Dungeon
  3548 | D:5      | Found Jum Roire's Magic Scroll Boutique.
  3551 | D:5      | Found Mugih's Antique Armour Emporium.
  3553 | D:5      | Found Inamo's Armour Emporium.
  3553 | D:5      | Found Zuedd's General Store.
  3729 | D:5      | Reached XP level 8. HP: 50/54 MP: 8/8
  3755 | D:5      | Reached skill level 6 in Shapeshifting
  4038 | D:5      | Reached skill level 5 in Unarmed Combat
  4187 | D:5      | Reached * piety under Vehumet
  4187 | D:5      | Offered knowledge of Foxfire by Vehumet.
  4652 | D:5      | Offered knowledge of Kiss of Death by Vehumet.
  4654 | D:5      | Reached ** piety under Vehumet
  5184 | D:6      | Found a hazy altar of Hepliaklqana.
  5234 | D:6      | Noticed a boulder beetle
  5251 | D:6      | Mangled by a boulder beetle

Illustrated notes

Levels and vault maps discovered:
D:1:      psy_arrival_statuary, layout_rooms, serial_shops, shop, minmay_vboxes
D:2:      layout_loops_ring, minmay_misc_feat_doors
D:3:      minmay_door_path, layout_basic, uniq_natasha, uniq_jessica
D:4:      layout_basic, lightli_temple_of_fire,
          mainiacjoe_overflow_cross_hatched, minmay_temple_entry_glassed_door,
          uniq_sigmund
D:5:      minmay_goblin_kobold_castle, layout_loops_cross,
          nicolae_kite_square_tiling_tiny, minivault_4,
          dreamdust_princess_corridor, nicolae_wooded_promenade,
          chequers_arboretum, minmay_strange_pillars
D:6:      layout_gridville, mainiacjoe_overflow_tiny_flanked,
          chequers_serial_rivers_micro_c, corexii_corridor_pit,
          minmay_manual_mandibuliform
Temple:   hellmonk_temple_divided_pantheon

Skill      XL: |  1  2  3  4  5  6  7  8 |
---------------+-------------------------+-----
Fighting       | 2 3 4 |  4.6
Shapeshifting  | 4 5 6 |  6.6
Dodging        | 3 4 |  4.9
Unarmed Combat | 4 5 |  5.4

Action                     |  1- 3 |  4- 6 |  7- 9 || total
---------------------------+-------+-------+-------++-------
  Melee: Unarmed           |    63 |   107 |   168 ||   338
         Tentacles         |    14 |    21 |    39 ||    74
         Constrict         |    18 |    30 |    46 ||    94
         Punch             |     1 |     3 |    14 ||    18
    Use: Scroll            |     4 |     7 |     2 ||    13
         Potion            |       |       |     2 ||     2
   Stab: Sleeping          |     2 |    13 |     6 ||    21
 Armour: Skin              |    24 |    49 |    60 ||   133
  Dodge: Dodged            |    36 |    67 |   110 ||   213
